Map: Orbital Shipyard

Players

rearTurreT

  • Race: Terran Terran

Bop - Winner!

  • Race: Zerg Zerg

VOD

Have the link to the VOD?

Description

Time

  • Played on: May 4, 2015, 3 a.m.
  • Length: 16:47
Show
View Real Time Build Order
Export as new Build Order

rearTurreT Terran 

Build Orders: Reaper Expand, Bio Tank, MMM Bio 

Get SALT Encoding   

  12  0:01  SCV  
  13  0:14  SCV  
  14  0:22  Supply Depot  
  14  0:26  SCV  
  15  0:44  SCV  
  15  0:46  Refinery, Barracks  
  16  0:56  SCV  
  17  1:08  SCV  
  18  1:20  SCV  
  18  1:25  Command Center  
  19  1:36  Orbital Command  
  19  1:40  Reaper  
  20  2:02  SCV  
  21  2:14  Reaper  
  22  2:17  Barracks  
  22  2:19  Barracks  
  22  2:20  Barracks  
  22  2:22  SCV  
  23  2:33  Refinery  
  23  2:37  Supply Depot  
  23  2:49  Orbital Command  
  23  2:51  SCV  
  24  2:54  Reaper  
  25  3:03  SCV  
  25  3:10  Barracks  
  25  3:11  Reaper x2, Barracks  
  27  3:22  Reaper  
  27  3:24  SCV  
  27  3:26  Reaper  
  30  3:32  SCV  
  31  3:36  SCV  
  32  3:43  Reaper  
  32  3:45  SCV  
  34  3:48  SCV  
  35  3:57  SCV, Reaper  
  35  4:00  SCV  
  35  4:01  Reaper  
  39  4:06  Refinery x2  
  39  4:08  Supply Depot  
  39  4:09  SCV  
  40  4:12  SCV  
  40  4:16  Reaper  
  42  4:21  Command Center  
  42  4:30  Reaper  
  42  4:31  SCV, Reaper  
  44  4:32  SCV  
  44  4:37  Supply Depot  
  45  4:40  Reaper  
  45  4:43  SCV  
  45  4:44  SCV  
  47  4:52  Marine x2  
  47  4:53  Factory, Marine  
  47  4:55  SCV  
  47  4:56  SCV  
  47  4:58  Bunker  
  52  5:00  Supply Depot  
  52  5:02  Marine  
  52  5:06  Engineering Bay  
  53  5:07  SCV  
  53  5:08  Engineering Bay  
  53  5:15  SCV  
  53  5:19  Barracks Tech Lab  
  53  5:20  Barracks Reactor x2  
  54  5:27  Barracks Reactor x2  
  54  5:29  Refinery  
  54  5:30  SCV x2, Barracks Tech Lab  
  54  5:34  Orbital Command  
  56  5:43  SCV  
  56  5:48  Factory Reactor  
  56  5:49  Starport  
  57  5:50  Terran Infantry Weapons Level 1, Terran Infantry Armor Level 1  
  57  5:53  SCV  
  60  6:04  SCV  
  60  6:05  SCV, Marine x2  
  60  6:06  Marine  
  60  6:08  Combat Shields, Stimpack  
  63  6:12  SCV  
  63  6:16  SCV  
  63  6:17  SCV  
  66  6:24  SCV  
  66  6:26  Marine x4  
  66  6:27  Missile Turret  
  66  6:29  Missile Turret  
  66  6:30  Missile Turret  
  66  6:31  Missile Turret  
  70  6:33  Marine  
  70  6:34  Missile Turret  
  70  6:39  Missile Turret  
  69  6:50  SCV  
  68  6:59  SCV  
  68  7:00  SCV  
  68  7:01  Factory, Marine x7  
  71  7:02  Factory Tech Lab  
  74  7:09  SCV  
  74  7:14  Armory  
  75  7:20  Medivac x2  
  75  7:22  Factory x2  
  78  7:24  Factory Tech Lab  
  78  7:30  Marine  
  78  7:31  Marine x5  
  78  7:34  SCV  
  85  7:37  Missile Turret  
  85  7:44  Supply Depot x2, SCV x2  
  85  7:50  Medivac x2  
  91  8:00  SCV, Missile Turret  
  91  8:02  Marine  
  91  8:03  Marine x6  
  91  8:04  Marauder  
  101  8:06  Concussive Shells, Marauder  
  101  8:07  Factory Tech Lab x2  
  101  8:10  Terran Infantry Weapons Level 2, Terran Infantry Armor Level 2  
  103  8:13  Terran Vehicle and Ship Weapons Level 1  
  103  8:21  SCV  
  104  8:28  Supply Depot, Siege Tank x2  
  104  8:31  Supply Depot  
  104  8:32  Siege Tank  
  114  8:34  SCV x2  
  114  8:36  SCV  
  116  8:43  Marine  
  117  8:48  Supply Depot  
  117  8:50  Supply Depot, Medivac, SCV, Marine  
  117  8:52  Supply Depot  
  121  9:08  Marine x4  
  125  9:16  Supply Depot x2, Marine x3  
  118  9:21  Marine x3  
  118  9:23  Thor, Medivac x2  
  124  9:26  Siege Tank x2, Marine x3  
  124  9:29  Marine  
  132  9:32  SCV  
  132  9:33  SCV  
  132  9:34  Marine x2  
  132  9:37  Refinery  
  136  9:40  Marine x3  
  136  9:41  Marine  
  140  9:46  Command Center  
  140  9:52  Command Center  
  140  9:53  Marine x4  
  140  9:59  Thor  
  150  10:01  Medivac  
  152  10:20  Siege Tank, Medivac  
  160  10:25  Siege Tank  
  160  10:26  Marine x6  
  166  10:31  Medivac  
  162  10:55  Siege Tank x2, Marine  
  162  10:56  Marine x2  
  171  11:01  Supply Depot  
  165  11:06  Siege Tank, Medivac x2  
  165  11:08  Marine x3  
  175  11:12  Orbital Command  
  175  11:14  Barracks  
  175  11:15  Barracks x2  
  175  11:16  Starport, Barracks  
  175  11:28  Missile Turret, Marine x3  
  175  11:29  Marine x2  
  175  11:30  Orbital Command  
  175  11:31  Missile Turret  
  180  11:38  Marine  
  180  11:39  Marine x3  
  181  11:47  Marine x2  
  181  11:48  Orbital Command  
  183  12:14  Marine x3  
  186  12:16  Barracks Reactor x2  
  186  12:18  Barracks Reactor  
  186  12:22  Marine  
  187  12:23  Sensor Tower, Missile Turret  
  187  12:25  Missile Turret  
  187  12:26  Missile Turret x2  
  187  12:34  Command Center  
  187  12:36  Marine x4  
  187  12:37  Marine x2  
  159  13:11  Siege Tank x2  
  153  13:13  Siege Tank  
  144  13:29  Marine x2  
  146  13:40  Medivac x2  
  149  13:43  Siege Tank x2  
  149  13:45  Siege Tank  
  158  13:54  Marine x3  
  158  13:55  Marauder  
  155  14:06  SCV x4  
  159  14:10  Refinery, Medivac x2  
  159  14:12  Medivac  
  159  14:15  Siege Tank x2  
  163  14:17  Siege Tank  
  163  14:18  SCV  
  163  14:20  Marauder, Marine x3  
  151  14:27  SCV  
  150  14:34  Marine  
  150  14:35  Marine x2  
  150  14:37  Supply Depot  
  150  14:38  Engineering Bay  
  145  14:47  Thor, Siege Tank  
  124  15:02  Marine x4  
  124  15:03  Marauder x2, Marine x4  
  130  15:07  Marine  
  130  15:08  Orbital Command, Marine  
  129  15:17  Marine  
  129  15:20  Marine x2  
  121  15:24  Marauder x2  
  121  15:25  Marine x2  
  121  15:26  Marine  
  118  15:29  Marine  
  118  15:32  Starport Tech Lab, Orbital Command  
  113  15:50  Marine x2  
  113  15:51  Marauder, Orbital Command, Marine  
  96  15:58  Marine  
  87  16:06  Marine x2  
  85  16:12  Marine  
  85  16:13  Marine x2  
  80  16:18  Marine  
  80  16:19  Marine  
  80  16:24  Marine  
Show
View Real Time Build Order
Export as new Build Order

Bop Zerg - Winner!

Build Orders: Hatch First, Lurkers 

Get SALT Encoding   

  12  0:01  Drone  
  13  0:14  Drone  
  14  0:20  Overlord  
  14  0:27  Extractor  
  13  0:28  Drone  
  15  0:38  Drone  
  15  0:39  Drone  
  17  0:48  Drone  
  18  1:00  Hatchery  
  18  1:03  Drone  
  18  1:14  Drone  
  18  1:16  Extractor  
  18  1:21  Spawning Pool  
  18  1:23  Drone  
  18  1:35  Drone  
  19  1:42  Drone  
  20  1:51  Drone  
  21  2:02  Overlord  
  21  2:11  Queen  
  21  2:15  Queen  
  25  2:16  Metabolic Boost  
  25  2:18  Zergling x4  
  27  2:27  Drone x2  
  29  2:34  Drone x2  
  30  2:44  Drone x2  
  30  2:47  Queen  
  34  2:57  Spore Crawler  
  33  3:01  Lair  
  33  3:02  Drone  
  33  3:03  Drone  
  35  3:07  Overlord  
  36  3:23  Spine Crawler  
  36  3:25  Queen  
  37  3:32  Drone x3  
  37  3:33  Drone x4  
  43  3:35  Overlord  
  43  3:42  Zergling x2  
  43  3:46  Overlord  
  44  3:49  Extractor  
  44  3:50  Extractor  
  44  3:54  Zergling x2  
  44  3:55  Zergling x8  
  47  4:06  Drone x2  
  49  4:15  Drone  
  50  4:18  Extractor  
  49  4:28  Zergling x6  
  51  4:35  Drone, Queen x2  
  51  4:36  Spire  
  55  4:42  Overlord x2  
  55  4:51  Overlord  
  55  4:52  Drone x3  
  58  4:59  Drone x2  
  60  5:01  Hydralisk Den  
  59  5:11  Queen  
  59  5:17  Drone x6  
  65  5:28  Overlord  
  65  5:30  Overseer  
  65  5:38  Hatchery  
  63  5:47  Mutalisk x6  
  75  5:59  Drone x6  
  75  6:02  Overlord  
  80  6:07  Mutalisk x2  
  83  6:23  Mutalisk x2  
  83  6:25  Drone  
  86  6:35  Overlord  
  86  6:40  Drone x2  
  86  6:43  Lurker Den  
  88  6:49  Drone x2  
  89  6:58  Drone x4  
  93  7:02  Infestation Pit  
  93  7:08  Burrow  
  92  7:09  Pneumatized Carapace  
  92  7:10  Drone x7  
  92  7:12  Extractor  
  92  7:14  Extractor  
  97  7:20  Overlord x2  
  97  7:30  Drone x2  
  97  7:36  Overlord, Hydralisk x7  
  113  7:59  Zergling x26  
  113  8:00  Hatchery  
  113  8:04  Evolution Chamber  
  124  8:06  Evolution Chamber  
  124  8:08  Overlord  
  123  8:18  Hatchery  
  122  8:22  Hive  
  122  8:24  Zerg Flyer Weapons Level 1  
  122  8:29  Overseer  
  122  8:32  Overlord  
  122  8:35  Zerg Melee Weapons Level 1  
  122  8:36  Zerg Ground Armor Level 1  
  122  8:37  Lurker x4  
  122  8:41  Zergling x18  
  127  8:46  Extractor  
  127  8:47  Extractor  
  133  8:55  Baneling Nest  
  131  8:56  Overseer  
  131  8:59  Drone x4  
  131  9:00  Drone x2  
  133  9:08  Hatchery  
  133  9:24  Zergling x26  
  134  9:29  Lurker x3  
  149  9:41  Adrenal Glands  
  149  9:43  Ultralisk Cavern  
  148  9:56  Zergling x18  
  148  9:57  Zergling x6  
  148  9:58  Overlord x3  
  160  10:02  Overlord  
  160  10:15  Overlord  
  160  10:16  Overlord x3  
  160  10:26  Hydralisk  
  160  10:27  Hydralisk x5  
  170  10:39  Hydralisk x4  
  178  10:45  Chitinous Plating  
  172  10:51  Centrifical Hooks  
  172  10:53  Lurker x4  
  172  10:54  Lurker  
  172  11:06  Mutalisk  
  172  11:07  Mutalisk x3  
  176  11:11  Overlord  
  176  11:14  Lurker x2  
  176  11:15  Lurker  
  179  11:26  Mutalisk x2  
  179  11:29  Overlord  
  179  11:30  Overlord  
  166  11:44  Zerg Ground Armor Level 2, Zerg Melee Weapons Level 2  
  156  11:50  Mutalisk  
  156  11:51  Mutalisk  
  156  11:53  Drone x6  
  166  12:10  Drone x4  
  166  12:15  Overlord  
  169  12:21  Hatchery, Mutalisk x2  
  172  12:38  Overlord  
  172  12:39  Overlord  
  172  12:42  Overseer  
  149  13:01  Ultralisk  
  149  13:02  Ultralisk x3  
  137  13:08  Ultralisk  
  131  13:17  Ultralisk  
  133  13:29  Zergling x20  
  138  13:39  Zergling x16  
  138  13:40  Zergling x2  
  146  13:54  Ultralisk  
  144  14:07  Zergling x16  
  152  14:21  Ultralisk x2  
  164  14:28  Hydralisk x3  
  149  14:47  Ultralisk x2  
  152  14:59  Hatchery  
  145  15:02  Mutalisk x4  
  135  15:09  Mutalisk x2  
  139  15:21  Mutalisk x4  
  147  15:30  Zergling x2  
  147  15:31  Zergling x10  
  152  15:51  Mutalisk x4  
  158  16:01  Zergling x20  
  168  16:07  Lurker x2  
  170  16:23  Zergling x8  
  170  16:24  Zergling x18  
Tags
 
Add a new tag
Caveats
  • Supply blocks, unpowered buildings, or Contaminate may cause inaccurate times.
  • Supply counts are checked every 10 seconds.